 Dungeon Crawl Stone Soup version 0.23-a0-171-g5ae17c6 (webtiles) character file.

1853 Amnesiac the Thaumaturge (level 8, -2/52 HPs)
             Began as a Mummy Ice Elementalist on Sept 12, 2018.
             Was a Follower of Vehumet.
             Slain by an orc warrior
             ... wielding a +0 trident of piercing
              (4 damage)
             ... on level 6 of the Dungeon.
             The game lasted 00:16:55 (8579 turns).

Amnesiac the Thaumaturge (Mummy Ice Elementalist)   Turns: 8579, Time: 00:16:56

Health: -2/52      AC:  3    Str:  5    XL:     8   Next: 89%
Magic:  4/25       EV: 12    Int: 16    God:    Vehumet [*.....]
Gold:   381        SH:  0    Dex:  9    Spells: 19/33 levels left

rFire    . . .     SeeInvis .   a - +2 dagger (venom)
rCold    + . .     Gourm    .   (no shield)
rNeg     + + +     Faith    .   e - +0 robe
rPois    ∞         Spirit   .   (no helmet)
rElec    .         Reflect  .   d - +0 cloak
rCorr    .         Harm     .   (no gloves)
MR       +....                  (no boots)
Stlth    ++........             (no amulet)
HPRegen  0.17/turn              i - -3 ring of strength (curse)
MPRegen  0.19/turn              l - ring "Orubin" {rPois rF+ Str-4 Dex-3 Slay+2} (curse)

@: no status effects
A: no food or potions, fire vulnerability, cold resistance 1, negative energy
resistance 3, torment resistance, unbreathing
a: Renounce Religion


You were on level 6 of the Dungeon.
You worshipped Vehumet.
Vehumet was aware of your devotion.
You were not hungry.

You visited 1 branch of the dungeon, and saw 7 of its levels.
You also visited: Sewer.

You collected 381 gold pieces.

Inventory:

Hand Weapons
 a - a +2 dagger of venom (weapon)
 b - a +0 blowgun
Missiles
 f - 35 poisoned needles
Armour
 d - a +0 cloak (worn)
 e - a +0 robe (worn)
 j - the +1 ring mail of Disople {rC- Int+2 Dex+3, unknown}
   (You found it on level 5 of the Dungeon)

   It affects your intelligence (+2).
   It affects your dexterity (+3).
   It makes you vulnerable to cold.
Jewellery
 i - a cursed -3 ring of strength (left hand)
 l - the cursed ring "Orubin" (right hand) {rPois rF+ Str-4 Dex-3 Slay+2}
   (You found it on level 6 of the Dungeon)

   [ring of dexterity]

   It affects your strength (-4).
   It affects your dexterity (-3).
   It affects your accuracy and damage with ranged weapons and melee attacks
   (+2).
   It protects you from fire.
   It protects you from poison.
   It has a curse placed upon it.
Wands
 k - a wand of flame (31)
Scrolls
 c - 2 scrolls of teleportation {!r}
 g - 2 scrolls of remove curse {!r}
 h - 3 scrolls of identify {!r}
 m - a scroll of magic mapping {!r, unknown}


   Skills:
 - Level 1.5 Dodging
 - Level 1.5 Stealth
 - Level 13.0 Spellcasting
 + Level 2.0 Conjurations
 - Level 3.0 Ice Magic


You had 19 spell levels left.
You knew the following spells:

 Your Spells              Type           Power        Failure   Level  Hunger
a - Freeze                Ice            ###.         1%          1    N/A
b - Summon Ice Beast      Ice/Summ       ###.....     34%         4    N/A
d - Throw Icicle          Conj/Ice       ###.....     24%         4    N/A
e - Throw Frost           Conj/Ice       ###...       3%          2    N/A
z - Ozocubu's Armour      Chrm/Ice       ###.....     11%         3    N/A

Your spell library contained the following spells:

 Spells                   Type           Power        Failure   Level  Hunger
 Magic Dart               Conj           ###.         3%          1    N/A

Dungeon Overview and Level Annotations

Branches:
Dungeon (7/15)             Temple (0/1) D:5

Altars:
Nemelex Xobeh
Sif Muna
Vehumet
Wu Jian
The Shining One


Innate Abilities, Weirdness & Mutations

You do not eat or drink.
Your flesh is vulnerable to fire.
You are immune to poison.
Your flesh is cold resistant. (rC+)
You are immune to negative energy. (rN+++)
You are immune to unholy pain and torment.
You can survive without breathing.


Message History

Casting: Throw Icicle (slightly dangerous; 24% risk of failure)
Confirm with . or Enter, or press ? or * to list all spells.
You don't have enough magic to cast that spell.
Casting: Throw Icicle (slightly dangerous; 24% risk of failure)
Confirm with . or Enter, or press ? or * to list all spells.
You don't have enough magic to cast that spell.
Casting: Throw Icicle (slightly dangerous; 24% risk of failure)
Confirm with . or Enter, or press ? or * to list all spells.
You don't have enough magic to cast that spell.
Evoke which item? (* to show all) (? for menu, Esc to quit)
Okay, then.
Casting: Throw Icicle (slightly dangerous; 24% risk of failure)
Confirm with . or Enter, or press ? or * to list all spells.
Aiming: Throw Icicle (slightly dangerous; 24% risk of failure)
Press: ? - help, Shift-Dir - straight line, f/p - orc warrior
Aim: an orc warrior, wielding a trident of piercing and wearing a chain mail The shard of ice hits the orc warrior.
The orc warrior is lightly wounded.
An orc wizard comes into view. It is wielding a dagger of venom.
The orc warrior barely misses you.
Your magical contamination has completely faded away.
Casting: Throw Icicle (slightly dangerous; 24% risk of failure)
Confirm with . or Enter, or press ? or * to list all spells.
Aiming: Throw Icicle (slightly dangerous; 24% risk of failure)
Press: ? - help, Shift-Dir - straight line, f/p - orc warrior
Aim: an orc warrior, wielding a trident of piercing and wearing a chain mail You miscast Throw Icicle.
You are very lightly contaminated with residual magic.
Wisps of condensation drift from your hands.
The orc warrior hits you from afar with a trident of piercing!
There is a stone staircase leading up here.
You climb upwards.
There is a stone staircase leading down here.
You climb downwards.
The orc warrior barely misses you.
There is a stone staircase leading up here.
The orc warrior closely misses you.
You climb upwards.
There is a stone staircase leading down here.
Casting: Throw Icicle (slightly dangerous; 24% risk of failure)
Confirm with . or Enter, or press ? or * to list all spells.
Aiming: Throw Icicle (slightly dangerous; 24% risk of failure)
Press: ? - help, Shift-Dir - straight line, f - orc warrior
Aim: an orc warrior, wielding a trident of piercing and wearing a chain mail The shard of ice hits the orc warrior.
The orc warrior is lightly wounded.
The orc warrior closely misses you.
Your magical contamination has completely faded away.
Casting: Throw Icicle (slightly dangerous; 24% risk of failure)
Confirm with . or Enter, or press ? or * to list all spells.
You don't have enough magic to cast that spell.
Casting: Throw Icicle (slightly dangerous; 24% risk of failure)
Confirm with . or Enter, or press ? or * to list all spells.
You don't have enough magic to cast that spell.
The orc warrior hits you from afar with a trident of piercing!
A black bear comes into view.
You barely miss the black bear.
The black bear growls angrily.
The black bear bites you.
* * * LOW HITPOINT WARNING * * *
The black bear closely misses you. The black bear claws you.
* * * LOW HITPOINT WARNING * * *
The orc warrior hits you from afar with a trident of piercing!!
* * * LOW HITPOINT WARNING * * *
You die...

...#..#...^...........#..#
...#..#..............<[[.#
..##'##......!........#..##
..#........#####......#...#
..#........#...'......#...#
..#........#...#......+...#
..#........#####......#.######
..#....#'####...h######.###..#
..#....#....'...@#..#........#
..#....#....#....#..#........#
..'....'....#...o'..'........#
###....######....#'#######...#
#............####......###...#
'............# #>.....#.....#
#............# #......#.....#
#............# #......#.....#
#............# #......#######


You could see an orc warrior and a black bear.

Vanquished Creatures
  Menkaure (D:5)
  Edmund (D:4)
  Duvessa (D:5)
  An orc warrior (D:6)
  A black bear (D:6)
  2 centaurs
  Blork the orc (D:4)
  Dowan (D:5)
  A howler monkey (D:4)
  3 crimson imps (D:5)
  A bullfrog zombie (D:5)
  2 hounds
  Crazy Yiuf (D:3)
  2 orc priests
  9 orc wizards
  2 bullfrog skeletons
  A centaur skeleton (D:6)
  Ijyb (D:5)
  5 worker ants
  11 adders
  A shadow imp (D:5)
  An ooze (D:5)
  An adder skeleton (D:5)
  An adder zombie (D:5)
  3 worms
  5 dart slugs
  4 leopard geckos
  14 orcs
  4 ball pythons
  12 bats
  5 giant cockroaches
  3 goblins
  5 hobgoblins
  10 jackals
  13 kobolds
  5 quokkas
  7 frilled lizards
  A quokka skeleton (D:5)
  A quokka zombie (D:5)
  8 rats
  6 plants (Sewer)
158 creatures vanquished.

Notes
Turn   | Place    | Note
-------+----------+-------------------------------------------
     0 | D:1      | Amnesiac the Mummy Ice Elementalist began the quest for the
                  | Orb.
     0 | D:1      | Reached XP level 1. HP: 13/13 MP: 4/4
   106 | D:2      | Reached XP level 2. HP: 14/19 MP: 0/5
   127 | D:2      | Learned a level 2 spell: Throw Frost
   529 | D:2      | Reached skill level 3 in Spellcasting
   574 | D:2      | You fall through a shaft!
   718 | D:3      | Reached XP level 3. HP: 13/24 MP: 0/8
   721 | D:3      | Reached skill level 4 in Spellcasting
   723 | D:3      | Reached skill level 5 in Spellcasting
   723 | D:3      | Reached XP level 4. HP: 5/30 MP: 1/11
   851 | D:3      | Learned a level 3 spell: Ozocubu's Armour
   856 | D:3      | Learned a level 4 spell: Throw Icicle
  1071 | D:3      | Found an ornate altar of the Wu Jian Council.
  1110 | D:4      | Noticed Edmund
  1120 | D:4      | Reached XP level 5. HP: 31/35 MP: 9/13
  1186 | D:4      | Killed Edmund
  1186 | D:4      | Reached skill level 7 in Spellcasting
  1327 | D:4      | Reached XP level 6. HP: 27/41 MP: 12/16
  1333 | D:4      | Learned a level 4 spell: Summon Ice Beast
  1516 | D:4      | Found a sparkling altar of Nemelex Xobeh.
  1634 | D:4      | Noticed Blork the orc
  1714 | D:4      | Reached skill level 8 in Spellcasting
  1778 | D:5      | Entered Level 5 of the Dungeon
  2030 | D:5      | Found a radiant altar of Vehumet.
  2048 | D:5      | Found a glowing drain.
  2112 | D:5      | Reached skill level 9 in Spellcasting
  2112 | D:5      | Reached XP level 7. HP: 46/46 MP: 14/19
  2174 | D:5      | HP: 2/46 [bullfrog skeleton (5)]
  2240 | Sewer    | Entered a sewer
  3536 | D:4      | Killed Blork the orc
  3951 | D:6      | Reached skill level 10 in Spellcasting
  4179 | D:5      | Noticed Duvessa
  4179 | D:5      | Noticed Dowan
  4631 | D:6      | Reached skill level 11 in Spellcasting
  4631 | D:6      | Reached XP level 8. HP: 21/52 MP: 23/23
  4846 | D:5      | Became a worshipper of Vehumet
  6085 | D:2      | Found a faded altar of an unknown god.
  6337 | D:3      | Reached * piety under Vehumet
  6337 | D:3      | Offered knowledge of Magic Dart by Vehumet.
  6564 | D:3      | Found a runed door.
  6786 | D:3      | Noticed Crazy Yiuf
  6791 | D:3      | Killed Crazy Yiuf
  7082 | D:5      | Killed Duvessa
  7298 | D:5      | Killed Dowan
  7298 | D:5      | Reached skill level 12 in Spellcasting
  7378 | D:5      | Noticed Menkaure
  7524 | D:5      | Killed Menkaure
  7560 | D:5      | Found a staircase to the Ecumenical Temple.
  7656 | D:5      | Got a shimmering ring mail
  7663 | D:5      | Found a deep blue altar of Sif Muna.
  7671 | D:5      | Noticed Ijyb
  7681 | D:5      | Killed Ijyb
  7956 | D:6      | Got a fine turquoise ring
  7997 | D:6      | Reached skill level 13 in Spellcasting
  8069 | D:6      | Reached skill level 1 in Conjurations
  8143 | D:6      | Found a glowing golden altar of the Shining One.
  8463 | D:7      | Identified the cursed ring "Orubin" {rPois rF+ Str-4 Dex-3
                  | Slay+2} (You found it on level 6 of the Dungeon)
  8579 | D:6      | HP: 2/52 [orc warrior/trident of piercing (21)]
  8579 | D:6      | Slain by an orc warrior

Vault maps used:
D:1:      scummos_arrival_checkerplants, fountainhead, chequers_big_river
D:2:      chequers_ecumenical_altar_island
D:3:      lemuel_doored_altar, first_ration, serial_glass, glass_columns_a,
          glass_columns_a, uniq_crazy_yiuf_cottage
D:4:      nemelex_lonely_heart_becter, uniq_blork_the_orc, uniq_edmund
D:5:      nicolae_overflow_hidden_temple, nicolae_overflow_crystal_walls,
          minmay_temple_entry_glassed_door, portal_sewer_entry_d,
          grunt_tough_drop, uniq_duvessa, uniq_menkaure, uniq_ijyb
D:6:      tso_altar
D:7:      basic_altar
Sewer:    sewer_co_scattered_pipes

Skill      XL: |  1  2  3  4  5  6  7  8 |
---------------+-------------------------+-----
Ice Magic      | 3 |  3.0
Spellcasting   | 3 5 7 9 11 13 | 13.0
Conjurations   | 2 |  2.0
Dodging        | |  1.5
Stealth        | |  1.5

Action                   |  1- 3 |  4- 6 |  7- 9 || total
-------------------------+-------+-------+-------++-------
Melee: Unarmed           |    11 |       |       ||    11
       Dagger            |       |    36 |   274 ||   310
 Cast: Freeze            |    19 |    44 |   158 ||   221
       Throw Frost       |     1 |       |     5 ||     6
       Ozocubu's Armour  |       |     3 |     5 ||     8
       Throw Icicle      |       |       |    24 ||    24
Evoke: Wand              |     5 |     6 |       ||    11
  Use: Scroll            |     1 |       |     5 ||     6
 Stab: Distracted        |       |       |     1 ||     1
       Sleeping          |       |       |     1 ||     1
Armor: Robe              |     9 |    10 |    58 ||    77
Dodge: Dodged            |    27 |    37 |   174 ||   238

Table legend:
 A = Non-vault XP
 B = Vault XP
 C = Vault XP percentage of total XP
 D = Non-vault monster count
 E = Vault monster count
 F = Vault count percentage of total count
                 A         B        C        D         E       F
            +---------+---------+-------+---------+---------+-------
      Total |    1830 |     818 |  30.9 |     125 |      27 |  17.8
            +---------+---------+-------+---------+---------+-------
        D:1 |      46 |       0 |   0.0 |      24 |       0 |   0.0
        D:2 |      44 |       0 |   0.0 |      17 |       0 |   0.0
        D:3 |     196 |      41 |  17.3 |      33 |       1 |   2.9
        D:4 |     224 |     260 |  53.7 |       8 |       2 |  20.0
        D:5 |     538 |     438 |  44.9 |      20 |       5 |  20.0
        D:6 |     736 |       0 |   0.0 |      20 |       0 |   0.0
        D:7 |      46 |       0 |   0.0 |       3 |       0 |   0.0
      Sewer |       0 |      79 | 100.0 |       0 |      19 | 100.0
            +---------+---------+-------+---------+---------+-------
